Washington Capitals vs St.Louis Blues
(R1)
Created - Sunday, June 16, 2024 at 07:35
Goals
|
| Washington Capitals |
1 |
1 |
1 |
3 |
| St.Louis Blues |
0 |
2 |
3 |
5 |
|
Shots
|
| Washington Capitals |
7 |
10 |
12 |
29 |
| St.Louis Blues |
10 |
9 |
17 |
36 |
|
1st period
1. Washington Capitals , Brayden Point 5 (David Savard 4) at 18:37
Penalties :
Nick Foligno (WSH) for High sticking (Minor) at 2:36
2nd period
2. Washington Capitals , Brad Marchand 2 (Drake Batherson 3, Nico Hischier 1) at 3:47
3. St.Louis Blues , Jake Guentzel 3 (Jack Eichel 5, Mark Stone 3) at 8:35
4. St.Louis Blues , Elias Pettersson 3 (Robert Thomas 5, Alex Pietrangelo 3) at 10:46
Penalties :
David Savard (WSH) for Roughing (Minor) at 15:05
3rd period
5. St.Louis Blues , Alex Pietrangelo 1 (Nick Leddy 2, Yanni Gourde 3) at 5:06
6. St.Louis Blues , Tage Thompson 2 (Mikhail Sergachev 1, Elias Pettersson 5) at 5:22
7. St.Louis Blues , Mikhail Sergachev 2 (Elias Pettersson 6, Robert Thomas 6) at 6:54 (PP)
8. Washington Capitals , Brad Marchand 3 (Drake Batherson 4) at 13:41
Penalties :
Alex Ovechkin (WSH) for Hooking (Minor) at 6:51, David Savard (WSH) for Hooking (Minor) at 9:48, Ian Cole (WSH) for Hooking (Minor) at 15:20
Goalie Stats
Jake Oettinger (WSH), 31 saves from 36 shots - (0.861), L, 4-2-1, 60:00 minutes
Connor Hellebuyck (STL), 26 saves from 29 shots - (0.897), W, 6-1-0, 60:00 minutes
Players Stats for Washington Capitals
Player Name G A P +/- PIM S H SB GA TA FO MP PP MP PK MP
------------------------------------------------------------------------------------
Alex Ovechkin 0 0 0 -1 2 2 0 0 0 0 1/1 19:18 0:00 0:00
Brad Marchand 2 0 2 1 0 3 0 0 0 0 0/1 18:18 0:00 4:52
Brayden Point 1 0 1 -1 0 5 1 1 2 1 17/33 19:19 0:00 0:00
David Savard 0 1 1 1 4 0 0 1 0 1 0/0 20:43 0:00 2:06
Dominik Kubalik 0 0 0 0 0 1 0 0 0 0 0/0 7:01 0:00 0:12
Drake Batherson 0 2 2 1 0 0 4 0 0 0 0/0 13:54 0:00 0:00
Dylan DeMelo 0 0 0 0 0 0 0 2 0 3 0/0 17:46 0:00 1:54
Erik Johnson 0 0 0 0 0 1 1 1 0 0 0/0 18:50 0:00 2:55
Ian Cole 0 0 0 -2 2 1 1 1 0 0 0/0 22:58 0:00 4:03
Isac Lundestrom 0 0 0 0 0 0 0 0 0 0 2/4 9:42 0:00 1:48
Jason Robertson 0 0 0 -1 0 2 1 1 1 0 0/1 19:10 0:00 0:00
John Carlson 0 0 0 1 0 0 0 2 0 2 0/0 17:44 0:00 0:00
Jordan Kyrou 0 0 0 -1 0 0 4 0 0 0 0/0 11:11 0:00 0:00
Michael Mcleod 0 0 0 -1 0 2 1 0 0 0 9/14 14:55 0:00 4:38
Nick Foligno 0 0 0 0 2 2 0 0 1 0 0/0 10:36 0:00 2:00
Nick Jensen 0 0 0 -2 0 0 2 3 1 1 0/0 23:25 0:00 5:00
Nico Hischier 0 1 1 1 0 5 0 0 1 0 5/11 16:49 0:00 2:28
Owen Tippett 0 0 0 -1 0 5 0 0 0 0 0/1 10:17 0:00 0:00
Players Stats for St.Louis Blues
Player Name G A P +/- PIM S H SB GA TA FO MP PP MP PK MP
------------------------------------------------------------------------------------
Adam Pelech 0 0 0 -1 0 1 0 0 0 0 0/0 10:21 0:00 0:00
Alex Pietrangelo 1 1 2 2 0 1 2 1 0 0 0/0 26:35 3:37 0:00
Alex Tuch 0 0 0 0 0 3 1 0 0 0 0/0 14:10 3:37 0:00
Andrew Copp 0 0 0 -1 0 0 2 0 0 1 0/0 9:28 0:02 0:00
Colton Parayko 0 0 0 2 0 1 1 0 1 0 0/0 22:58 0:00 0:00
Elias Pettersson 1 2 3 2 0 6 0 0 1 0 0/0 23:24 4:25 0:00
Evander Kane 0 0 0 0 0 1 1 0 0 0 0/0 13:54 3:32 0:00
Jack Eichel 0 1 1 0 0 3 1 0 2 0 8/14 17:29 3:32 0:00
Jake Guentzel 1 0 1 0 0 4 1 0 1 0 0/1 19:50 4:24 0:00
Jake Sanderson 0 0 0 0 0 2 1 3 0 0 0/0 16:46 0:00 0:00
Lawson Crouse 0 0 0 -1 0 2 2 0 1 1 0/0 9:28 0:05 0:00
Mark Stone 0 1 1 0 0 0 1 0 1 0 0/1 17:12 3:32 0:00
Mikhail Sergachev 1 1 2 0 0 3 3 2 0 3 0/0 23:04 4:22 0:00
Nick Leddy 0 1 1 -1 0 1 0 0 0 1 0/0 10:21 0:00 0:00
Nico Sturm 0 0 0 -1 0 0 0 0 0 0 1/3 8:22 0:00 0:00
Robert Thomas 0 2 2 2 0 3 0 0 1 0 19/36 23:23 4:25 0:00
Tage Thompson 1 0 1 2 0 4 2 2 0 0 0/1 23:29 4:22 0:00
Yanni Gourde 0 1 1 0 0 1 2 0 0 0 4/10 9:46 0:00 0:00
3 Stars
1 - Elias Pettersson (STL)
2 - Alex Pietrangelo (STL)
3 - Mikhail Sergachev (STL)
Power Play
Washington Capitals - 0 on 0 Attempt(s) - 0.00%
St.Louis Blues - 1 on 5 Attempt(s) - 20.00%
Penalty Kill
Washington Capitals - 4 on 5 Attempt(s) - 80.00%
- Score 0 goal in Penalty Kill
St.Louis Blues - 0 on 0 Attempt(s) - 0.00%
- Score 0 goal in Penalty Kill
Team Stat
Washington Capitals - Hits : 15 - Faceoff Wins : 34 - Blocked Shots : 12 - Penalty Minutes : 10
St.Louis Blues - Hits : 20 - Faceoff Wins : 32 - Blocked Shots : 8 - Penalty Minutes : 0
Official
Referees : Tom Chmielewski and Francois StLaurent
Linesman : Pierre Racicot and Scott Cherrey
Game Notes
No Game Note
Finance
Level 1 -- Attendance: 6000 (100.00%) -- Ticket Income $582,000
Level 2 -- Attendance: 5000 (100.00%) -- Ticket Income $285,000
Level 3 -- Attendance: 2927 (97.57%) -- Ticket Income $99,518
Level 4 -- Attendance: 5000 (100.00%) -- Ticket Income $115,000
Luxury Box -- Attendance: 1000 (100.00%) -- Ticket Income $194,000
Game was played at the Scottrade Center.
Total Attendance: 19927 (99.64%)
Total Ticket Income: $1,275,518
Other Income: $446,431
Total Income: $1,721,949
Washington Capitals
5 vs 5 Forward
Center Left Wing Right Wing Time % Phy DF OF
1 Brayden Point Alex Ovechkin Jason Robertson 40 1 1 3
2 Nico Hischier Brad Marchand Drake Batherson 30 1 1 3
3 Michael Mcleod Owen Tippett Jordan Kyrou 20 1 1 3
4 Isac Lundestrom Nick Foligno Dominik Kubalik 10 1 1 3
5 vs 5 Defense
Defense Defense Time % Phy DF OF
1 John Carlson David Savard 37 2 3 0
2 Nick Jensen Ian Cole 35 2 3 0
3 Dylan DeMelo Erik Johnson 28 2 3 0
4 John Carlson Ian Cole 0 2 3 0
PowerPlay Forward
Center Left Wing Right Wing Time % Phy DF OF
1 Brayden Point Alex Ovechkin Jason Robertson 60 1 2 2
2 Nico Hischier Owen Tippett Drake Batherson 40 1 2 2
PowerPlay Defense
Defense Defense Time % Phy DF OF
1 David Savard John Carlson 60 1 2 2
2 Dylan DeMelo Nick Jensen 40 1 2 2
Penalty Kill 4 Players Forward
Center Wing Time % Phy DF OF
1 Michael Mcleod Brad Marchand 60 1 2 2
2 Isac Lundestrom Nick Foligno 40 1 2 2
Penalty Kill 4 Players Defense
Defense Defense Time % Phy DF OF
1 David Savard Ian Cole 60 1 2 2
2 Erik Johnson Nick Jensen 40 1 2 2
Penalty Kill - 3 Players Forward
Forward Time % Phy DF OF
1 Michael Mcleod 60 1 2 2
2 Isac Lundestrom 40 1 2 2
Penalty Kill - 3 Players Defense
Defense Defense Time % Phy DF OF
1 David Savard Ian Cole 60 1 2 2
2 Erik Johnson Nick Jensen 40 1 2 2
4 vs 4 Forward
Center Wing Time % Phy DF OF
1 Brayden Point Alex Ovechkin 60 1 2 2
2 Nico Hischier Jason Robertson 40 1 2 2
4 vs 4 Defense
Defense Defense Time % Phy DF OF
1 David Savard John Carlson 60 1 2 2
2 Dylan DeMelo Nick Jensen 40 1 2 2
Last Minutes Offensive
Center Left Wing Right Wing Defense Defense
Brayden Point Alex Ovechkin Jason Robertson David Savard John Carlson
Last Minutes Defensive
Center Left Wing Right Wing Defense Defense
Nico Hischier Brad Marchand Nick Foligno Nick Jensen Ian Cole
Goaltenders
Starting : Jake Oettinger
Backup : Sergei Bobrovsky
Extra Forwards
Normal : Jordan Kyrou, Drake Batherson, Dominik Kubalik - PP : Owen Tippett, Brayden Point - PK : Nico Hischier
Extra Defensemen
Normal : Nick Jensen, Dylan DeMelo, Ian Cole - PP : John Carlson - PK : Nick Jensen, Dylan DeMelo
Penalty Shots
Jason Robertson, Drake Batherson, Brayden Point, Alex Ovechkin, David Savard
St.Louis Blues
5 vs 5 Forward
Center Left Wing Right Wing Time % Phy DF OF
1 Robert Thomas Elias Pettersson Tage Thompson 40 0 2 3
2 Jack Eichel Jake Guentzel Mark Stone 30 0 2 3
3 Yanni Gourde Alex Tuch Evander Kane 20 1 2 2
4 Nico Sturm Andrew Copp Lawson Crouse 10 1 3 1
5 vs 5 Defense
Defense Defense Time % Phy DF OF
1 Colton Parayko Alex Pietrangelo 45 1 2 2
2 Jake Sanderson Mikhail Sergachev 35 1 2 2
3 Nick Leddy Adam Pelech 20 1 2 2
4 Alex Pietrangelo Mikhail Sergachev 0 1 2 2
PowerPlay Forward
Center Left Wing Right Wing Time % Phy DF OF
1 Robert Thomas Elias Pettersson Jake Guentzel 60 1 0 4
2 Jack Eichel Evander Kane Mark Stone 40 1 0 4
PowerPlay Defense
Defense Defense Time % Phy DF OF
1 Tage Thompson Mikhail Sergachev 60 0 1 4
2 Alex Tuch Alex Pietrangelo 40 0 1 4
Penalty Kill 4 Players Forward
Center Wing Time % Phy DF OF
1 Nico Sturm Yanni Gourde 50 1 4 0
2 Andrew Copp Lawson Crouse 50 1 4 0
Penalty Kill 4 Players Defense
Defense Defense Time % Phy DF OF
1 Jake Sanderson Colton Parayko 50 1 4 0
2 Nick Leddy Adam Pelech 50 1 4 0
Penalty Kill - 3 Players Forward
Forward Time % Phy DF OF
1 Nico Sturm 50 0 5 0
2 Yanni Gourde 50 0 5 0
Penalty Kill - 3 Players Defense
Defense Defense Time % Phy DF OF
1 Jake Sanderson Colton Parayko 50 0 5 0
2 Adam Pelech Nick Leddy 50 0 5 0
4 vs 4 Forward
Center Wing Time % Phy DF OF
1 Robert Thomas Elias Pettersson 50 0 2 3
2 Jack Eichel Mark Stone 50 0 2 3
4 vs 4 Defense
Defense Defense Time % Phy DF OF
1 Alex Pietrangelo Colton Parayko 50 1 2 2
2 Mikhail Sergachev Jake Sanderson 50 1 2 2
Last Minutes Offensive
Center Left Wing Right Wing Defense Defense
Robert Thomas Elias Pettersson Tage Thompson Jack Eichel Mikhail Sergachev
Last Minutes Defensive
Center Left Wing Right Wing Defense Defense
Nico Sturm Yanni Gourde Lawson Crouse Alex Pietrangelo Colton Parayko
Goaltenders
Starting : Connor Hellebuyck
Backup : Scott Wedgewood
Extra Forwards
Normal : Jack Eichel, Elias Pettersson, Lawson Crouse - PP : Jack Eichel, Elias Pettersson - PK : Elias Pettersson
Extra Defensemen
Normal : Jake Sanderson, Mikhail Sergachev, Colton Parayko - PP : Nick Leddy - PK : Jake Sanderson, Colton Parayko
Penalty Shots
Elias Pettersson, Tage Thompson, Jack Eichel, Alex Tuch, Robert Thomas
% Time on Ice - Washington Capitals
Lines # - Real PCT - Wanted PCT - Time Play
Normal Forward
1 - 38% - 40% - 19:51
2 - 31% - 30% - 16:12
3 - 20% - 20% - 10:17
4 - 11% - 10% - 5:41
Normal Defense
1 - 38% - 37% - 19:42
2 - 33% - 35% - 17:04
3 - 28% - 28% - 14:42
4 - 1% - 0% - 0:33
PP Forward
1 - 0% - 60%
2 - 0% - 40%
PP Defense
1 - 0% - 60%
2 - 0% - 40%
PK Forward
1 - 77% - 60% - 6:11
2 - 23% - 40% - 1:48
PK Defense
1 - 76% - 60% - 6:02
2 - 24% - 40% - 1:57
PK3 Forward
1 - 0% - 60%
2 - 0% - 40%
PK3 Defense
1 - 0% - 60%
2 - 0% - 40%
44 Forward
1 - 0% - 60%
2 - 0% - 40%
44 Defense
1 - 0% - 60%
2 - 0% - 40%
Last Minute Offensive - 0:00
Last Minute Defensive - 0:00
Total
Forward - 60:00
Defense - 60:00
|
% Time on Ice - St.Louis Blues
Lines # - Real PCT - Wanted PCT - Time Play
Normal Forward
1 - 37% - 40% - 19:09
2 - 29% - 30% - 14:54
3 - 19% - 20% - 9:43
4 - 16% - 10% - 8:15
Normal Defense
1 - 48% - 45% - 24:54
2 - 32% - 35% - 16:46
3 - 20% - 20% - 10:21
4 - 0% - 0% - 0:00
PP Forward
1 - 56% - 60% - 4:27
2 - 44% - 40% - 3:32
PP Defense
1 - 55% - 60% - 4:22
2 - 45% - 40% - 3:37
PK Forward
1 - 0% - 50%
2 - 0% - 50%
PK Defense
1 - 0% - 50%
2 - 0% - 50%
PK3 Forward
1 - 0% - 50%
2 - 0% - 50%
PK3 Defense
1 - 0% - 50%
2 - 0% - 50%
44 Forward
1 - 0% - 50%
2 - 0% - 50%
44 Defense
1 - 0% - 50%
2 - 0% - 50%
Last Minute Offensive - 0:00
Last Minute Defensive - 0:00
Total
Forward - 60:00
Defense - 60:00
|
Play-by-Play
1st period
0:01 of 1st period - Brayden Point wins face-off versus Tage Thompson in neutral zone.
0:04 of 1st period - Wrist shot by Jason Robertson.
0:04 of 1st period - Stopped by Connor Hellebuyck with a rebound.
0:36 of 1st period - Wrist shot by Robert Thomas.
0:36 of 1st period - Stopped by Jake Oettinger with a rebound.
1:20 of 1st period - Backhand shot by Elias Pettersson.
1:20 of 1st period - Deflect By Tage Thompson.
1:20 of 1st period - Stopped by Jake Oettinger without a rebound.
1:21 of 1st period - Jack Eichel wins face-off versus Nico Hischier in Washington Capitals zone.
1:34 of 1st period - Snap shot by Jack Eichel.
1:34 of 1st period - Stopped by Jake Oettinger without a rebound.
1:35 of 1st period - Michael Mcleod wins face-off versus Yanni Gourde in Washington Capitals zone.
1:35 of 1st period - Michael Mcleod is hit by Evander Kane.
1:41 of 1st period - Jake Sanderson is hit by Michael Mcleod.
1:47 of 1st period - Snap shot by Alex Tuch.
1:47 of 1st period - Deflect By Evander Kane.
1:47 of 1st period - Stopped by Jake Oettinger without a rebound.
1:48 of 1st period - Jack Eichel wins face-off versus Nico Hischier in Washington Capitals zone.
2:19 of 1st period - Slapshot by Jake Guentzel.
2:19 of 1st period - Stopped by Jake Oettinger with a rebound.
2:36 of 1st period - Minor Penalty to Nick Foligno for High sticking.
2:37 of 1st period - Michael Mcleod wins face-off versus Robert Thomas in Washington Capitals zone.
3:29 of 1st period - Snap shot by Nico Hischier.
3:29 of 1st period - Stopped by Connor Hellebuyck with a rebound.
4:14 of 1st period - Snap shot by Elias Pettersson.
4:14 of 1st period - Deflect By Ian Cole.
4:14 of 1st period - Shot Misses the Net.
4:14 of 1st period - Puck is out of play.
4:15 of 1st period - Isac Lundestrom wins face-off versus Jack Eichel in Washington Capitals zone.
4:36 of 1st period - Penalty to Nick Foligno is over, Nick Foligno is back on ice.
4:42 of 1st period - Erik Johnson is hit by Mikhail Sergachev and loses puck.
5:03 of 1st period - Wrist shot by Nick Foligno.
5:03 of 1st period - Shot Misses the Net.
5:09 of 1st period - Nick Foligno is hit by Lawson Crouse and loses puck.
5:27 of 1st period - Icing by Mikhail Sergachev.
5:28 of 1st period - Brayden Point wins face-off versus Nico Sturm in St.Louis Blues zone.
6:10 of 1st period - Off-side.
6:11 of 1st period - Brayden Point wins face-off versus Robert Thomas in neutral zone.
6:20 of 1st period - Wrist shot by Alex Ovechkin.
6:20 of 1st period - Shot Misses the Net.
6:40 of 1st period - Wrist shot by Jack Eichel.
6:40 of 1st period - Shot Blocked by Dylan DeMelo.
6:42 of 1st period - Snap shot by Jake Guentzel.
6:42 of 1st period - Shot Misses the Net.
7:06 of 1st period - Snap shot by Alex Tuch.
7:06 of 1st period - Stopped by Jake Oettinger without a rebound.
7:07 of 1st period - Brayden Point wins face-off versus Robert Thomas in Washington Capitals zone.
8:00 of 1st period - Snap shot by Alex Tuch.
8:00 of 1st period - Shot Misses the Net.
8:04 of 1st period - Snap shot by Alex Tuch.
8:04 of 1st period - Stopped by Jake Oettinger without a rebound.
8:05 of 1st period - Robert Thomas wins face-off versus Brayden Point in Washington Capitals zone.
8:32 of 1st period - Jack Eichel is hit by Drake Batherson and loses puck.
10:00 of 1st period - Wrist shot by Nico Hischier.
10:00 of 1st period - Shot Misses the Net.
10:04 of 1st period - Wrist shot by Brad Marchand.
10:04 of 1st period - Shot Misses the Net.
10:06 of 1st period - Snap shot by Brad Marchand.
10:06 of 1st period - Shot Misses the Net.
10:58 of 1st period - Isac Lundestrom is hit by Jake Sanderson and loses puck.
11:13 of 1st period - Snap shot by Lawson Crouse.
11:13 of 1st period - Shot Blocked by Nick Jensen.
11:15 of 1st period - Slapshot by Nico Sturm.
11:15 of 1st period - Deflect By Andrew Copp.
11:15 of 1st period - Shot Misses the Net.
11:15 of 1st period - Puck is out of play.
11:16 of 1st period - Robert Thomas wins face-off versus Jason Robertson in Washington Capitals zone.
11:19 of 1st period - Slapshot by Tage Thompson.
11:19 of 1st period - Stopped by Jake Oettinger without a rebound.
11:20 of 1st period - Robert Thomas wins face-off versus Brayden Point in Washington Capitals zone.
11:25 of 1st period - Slapshot by Tage Thompson.
11:25 of 1st period - Deflect By Elias Pettersson.
11:25 of 1st period - Shot Blocked by John Carlson.
11:25 of 1st period - Puck is out of play.
11:26 of 1st period - Brayden Point wins face-off versus Robert Thomas in Washington Capitals zone.
11:35 of 1st period - Snap shot by Alex Ovechkin.
11:35 of 1st period - Deflect By Elias Pettersson.
11:35 of 1st period - Shot Misses the Net.
11:35 of 1st period - Puck is out of play.
11:36 of 1st period - Alex Ovechkin wins face-off versus Robert Thomas in St.Louis Blues zone.
12:03 of 1st period - David Savard is hit by Jake Guentzel and loses puck.
13:29 of 1st period - Brayden Point is hit by Jack Eichel and loses puck.
14:17 of 1st period - Slapshot by Alex Ovechkin.
14:17 of 1st period - Stopped by Connor Hellebuyck without a rebound.
14:18 of 1st period - Michael Mcleod wins face-off versus Robert Thomas in St.Louis Blues zone.
14:21 of 1st period - Snap shot by Owen Tippett.
14:21 of 1st period - Shot Blocked by Mikhail Sergachev.
15:34 of 1st period - Snap shot by Nico Hischier.
15:34 of 1st period - Stopped by Connor Hellebuyck with a rebound.
15:56 of 1st period - Wrist shot by Evander Kane.
15:56 of 1st period - Shot Misses the Net.
16:19 of 1st period - Wrist shot by Jack Eichel.
16:19 of 1st period - Shot Misses the Net.
16:59 of 1st period - Off-side.
17:00 of 1st period - Michael Mcleod wins face-off versus Robert Thomas in neutral zone.
17:44 of 1st period - Erik Johnson is hit by Tage Thompson and loses puck.
18:21 of 1st period - Snap shot by Owen Tippett.
18:21 of 1st period - Stopped by Connor Hellebuyck without a rebound.
18:22 of 1st period - Brayden Point wins face-off versus Jack Eichel in St.Louis Blues zone.
18:37 of 1st period - Snap shot by Brayden Point.
18:37 of 1st period - Goal by Brayden Point - Washington Capitals : 1 - St.Louis Blues : 0.
18:38 of 1st period - Brayden Point wins face-off versus Jack Eichel in neutral zone.
19:37 of 1st period - Snap shot by Dominik Kubalik.
19:37 of 1st period - Stopped by Connor Hellebuyck without a rebound.
19:38 of 1st period - Brayden Point wins face-off versus Robert Thomas in St.Louis Blues zone.
19:39 of 1st period - Wrist shot by Jason Robertson.
19:39 of 1st period - Shot Blocked by Mikhail Sergachev.
19:47 of 1st period - Wrist shot by Tage Thompson.
19:47 of 1st period - Stopped by Jake Oettinger without a rebound.
19:48 of 1st period - Robert Thomas wins face-off versus Brayden Point in Washington Capitals zone.
19:53 of 1st period - Wrist shot by Elias Pettersson.
19:53 of 1st period - Stopped by Jake Oettinger without a rebound.
19:54 of 1st period - Robert Thomas wins face-off versus Brayden Point in Washington Capitals zone.
Goals for this period are 1 for Washington Capitals vs 0 for St.Louis Blues.
Shots for this period are 7 for Washington Capitals vs 10 for St.Louis Blues.
2nd period
0:01 of 2nd period - Jack Eichel wins face-off versus Brayden Point in neutral zone.
1:41 of 2nd period - Wrist shot by Jason Robertson.
1:41 of 2nd period - Shot Misses the Net.
1:43 of 2nd period - Slapshot by Ian Cole.
1:43 of 2nd period - Deflect By Jake Guentzel.
1:43 of 2nd period - Stopped by Connor Hellebuyck without a rebound.
1:44 of 2nd period - Brayden Point wins face-off versus Robert Thomas in St.Louis Blues zone.
2:12 of 2nd period - Icing by Alex Pietrangelo.
2:13 of 2nd period - Michael Mcleod wins face-off versus Robert Thomas in St.Louis Blues zone.
2:26 of 2nd period - Wrist shot by Owen Tippett.
2:26 of 2nd period - Shot Blocked by Tage Thompson.
2:44 of 2nd period - Colton Parayko is hit by Jason Robertson and loses puck.
3:07 of 2nd period - Slapshot by Elias Pettersson.
3:07 of 2nd period - Shot Misses the Net.
3:09 of 2nd period - Snap shot by Elias Pettersson.
3:09 of 2nd period - Deflect By Nico Hischier.
3:09 of 2nd period - Shot Blocked by Ian Cole.
3:09 of 2nd period - Puck is out of play.
3:10 of 2nd period - Jack Eichel wins face-off versus Brayden Point in Washington Capitals zone.
3:25 of 2nd period - Wrist shot by Jake Guentzel.
3:25 of 2nd period - Stopped by Jake Oettinger with a rebound.
3:47 of 2nd period - Wrist shot by Brad Marchand.
3:47 of 2nd period - Goal by Brad Marchand - Washington Capitals : 2 - St.Louis Blues : 0.
3:48 of 2nd period - Jack Eichel wins face-off versus Brayden Point in neutral zone.
4:00 of 2nd period - Slapshot by Jake Guentzel.
4:00 of 2nd period - Stopped by Jake Oettinger without a rebound.
4:01 of 2nd period - Jack Eichel wins face-off versus Brayden Point in Washington Capitals zone.
4:16 of 2nd period - Wrist shot by Jack Eichel.
4:16 of 2nd period - Shot Misses the Net.
4:18 of 2nd period - Wrist shot by Jake Guentzel.
4:18 of 2nd period - Shot Misses the Net.
4:28 of 2nd period - Nick Jensen is hit by Alex Pietrangelo and loses puck.
4:37 of 2nd period - Colton Parayko is hit by Drake Batherson and loses puck.
6:04 of 2nd period - Wrist shot by Brad Marchand.
6:04 of 2nd period - Stopped by Connor Hellebuyck without a rebound.
6:05 of 2nd period - Jack Eichel wins face-off versus Nico Hischier in St.Louis Blues zone.
6:40 of 2nd period - Slapshot by Brayden Point.
6:40 of 2nd period - Stopped by Connor Hellebuyck with a rebound.
6:42 of 2nd period - Slapshot by Brayden Point.
6:42 of 2nd period - Deflect By Alex Ovechkin.
6:42 of 2nd period - Shot Misses the Net.
6:42 of 2nd period - Puck is out of play.
6:43 of 2nd period - Brayden Point wins face-off versus Yanni Gourde in St.Louis Blues zone.
6:54 of 2nd period - Snap shot by Alex Tuch.
6:54 of 2nd period - Deflect By Yanni Gourde.
6:54 of 2nd period - Shot Misses the Net.
6:54 of 2nd period - Puck is out of play.
6:55 of 2nd period - Brayden Point wins face-off versus Robert Thomas in Washington Capitals zone.
7:43 of 2nd period - Snap shot by Alex Tuch.
7:43 of 2nd period - Deflect By Evander Kane.
7:43 of 2nd period - Shot Misses the Net.
7:43 of 2nd period - Puck is out of play.
7:44 of 2nd period - Yanni Gourde wins face-off versus Michael Mcleod in Washington Capitals zone.
7:45 of 2nd period - Snap shot by Alex Tuch.
7:45 of 2nd period - Shot Misses the Net.
8:06 of 2nd period - Icing by Yanni Gourde.
8:07 of 2nd period - Yanni Gourde wins face-off versus Brayden Point in St.Louis Blues zone.
8:07 of 2nd period - Yanni Gourde is hit by Nick Jensen.
8:35 of 2nd period - Wrist shot by Jake Guentzel.
8:35 of 2nd period - Goal by Jake Guentzel - Washington Capitals : 2 - St.Louis Blues : 1.
8:36 of 2nd period - Brayden Point wins face-off versus Robert Thomas in neutral zone.
9:07 of 2nd period - Jack Eichel is hit by Erik Johnson and loses puck.
9:12 of 2nd period - Snap shot by Nico Hischier.
9:12 of 2nd period - Shot Blocked by Jake Sanderson.
9:14 of 2nd period - Snap shot by Drake Batherson.
9:14 of 2nd period - Shot Misses the Net.
9:36 of 2nd period - Snap shot by Owen Tippett.
9:36 of 2nd period - Stopped by Connor Hellebuyck without a rebound.
9:37 of 2nd period - Robert Thomas wins face-off versus Brayden Point in St.Louis Blues zone.
9:52 of 2nd period - Snap shot by Elias Pettersson.
9:52 of 2nd period - Shot Blocked by Nick Jensen.
9:54 of 2nd period - Snap shot by Adam Pelech.
9:54 of 2nd period - Deflect By Alex Ovechkin.
9:54 of 2nd period - Stopped by Jake Oettinger with a rebound.
10:33 of 2nd period - Snap shot by Owen Tippett.
10:33 of 2nd period - Stopped by Connor Hellebuyck with a rebound.
10:35 of 2nd period - Slapshot by Erik Johnson.
10:35 of 2nd period - Stopped by Connor Hellebuyck without a rebound.
10:36 of 2nd period - Robert Thomas wins face-off versus Brayden Point in St.Louis Blues zone.
10:44 of 2nd period - Slapshot by Robert Thomas.
10:44 of 2nd period - Stopped by Jake Oettinger with a rebound.
10:46 of 2nd period - Slapshot by Elias Pettersson.
10:46 of 2nd period - Goal by Elias Pettersson - Washington Capitals : 2 - St.Louis Blues : 2.
10:47 of 2nd period - Robert Thomas wins face-off versus Brayden Point in neutral zone.
11:04 of 2nd period - Slapshot by John Carlson.
11:04 of 2nd period - Shot Misses the Net.
11:21 of 2nd period - Mark Stone is hit by Drake Batherson and loses puck.
12:06 of 2nd period - Snap shot by Alex Tuch.
12:06 of 2nd period - Shot Blocked by Dylan DeMelo.
12:08 of 2nd period - Slapshot by Colton Parayko.
12:08 of 2nd period - Deflect By Dylan DeMelo.
12:08 of 2nd period - Stopped by Jake Oettinger with a rebound.
12:10 of 2nd period - Slapshot by Colton Parayko.
12:10 of 2nd period - Shot Blocked by Erik Johnson.
12:41 of 2nd period - Brad Marchand is hit by Andrew Copp and loses puck.
12:48 of 2nd period - Slapshot by John Carlson.
12:48 of 2nd period - Shot Blocked by Jake Sanderson.
12:50 of 2nd period - Snap shot by Brad Marchand.
12:50 of 2nd period - Shot Hit the Post.
13:56 of 2nd period - Wrist shot by Jack Eichel.
13:56 of 2nd period - Stopped by Jake Oettinger without a rebound.
13:57 of 2nd period - Nico Hischier wins face-off versus Yanni Gourde in Washington Capitals zone.
14:06 of 2nd period - Ian Cole is hit by Alex Tuch and loses puck.
14:56 of 2nd period - Wrist shot by Alex Ovechkin.
14:56 of 2nd period - Deflect By Brayden Point.
14:56 of 2nd period - Stopped by Connor Hellebuyck without a rebound.
14:57 of 2nd period - Nico Hischier wins face-off versus Robert Thomas in St.Louis Blues zone.
15:05 of 2nd period - Minor Penalty to David Savard for Roughing.
15:06 of 2nd period - Michael Mcleod wins face-off versus Robert Thomas in Washington Capitals zone.
15:18 of 2nd period - Snap shot by Elias Pettersson.
15:18 of 2nd period - Stopped by Jake Oettinger without a rebound.
15:19 of 2nd period - Robert Thomas wins face-off versus Brad Marchand in Washington Capitals zone.
17:04 of 2nd period - Jake Guentzel is hit by Ian Cole and loses puck.
17:05 of 2nd period - Penalty to David Savard is over, David Savard is back on ice.
17:45 of 2nd period - Snap shot by Alex Ovechkin.
17:45 of 2nd period - Shot Blocked by Alex Pietrangelo.
17:47 of 2nd period - Snap shot by Alex Ovechkin.
17:47 of 2nd period - Stopped by Connor Hellebuyck with a rebound.
17:53 of 2nd period - Snap shot by Brayden Point.
17:53 of 2nd period - Stopped by Connor Hellebuyck without a rebound.
17:54 of 2nd period - Yanni Gourde wins face-off versus Nico Hischier in St.Louis Blues zone.
18:33 of 2nd period - Icing by David Savard.
18:34 of 2nd period - Isac Lundestrom wins face-off versus Nico Sturm in Washington Capitals zone.
19:01 of 2nd period - Erik Johnson is hit by Alex Pietrangelo and loses puck.
19:32 of 2nd period - Snap shot by Jake Guentzel.
19:32 of 2nd period - Deflect By Jack Eichel.
19:32 of 2nd period - Shot Misses the Net.
19:32 of 2nd period - Puck is out of play.
19:33 of 2nd period - Nico Hischier wins face-off versus Robert Thomas in Washington Capitals zone.
19:33 of 2nd period - Nico Hischier is hit by Tage Thompson.
19:49 of 2nd period - Slapshot by Nico Hischier.
19:49 of 2nd period - Shot Blocked by Jake Sanderson.
Goals for this period are 1 for Washington Capitals vs 2 for St.Louis Blues.
Shots for this period are 10 for Washington Capitals vs 9 for St.Louis Blues.
3rd period
0:01 of 3rd period - Robert Thomas wins face-off versus Brayden Point in neutral zone.
0:26 of 3rd period - Jake Guentzel is hit by Nick Jensen and loses puck.
0:51 of 3rd period - Backhand shot by Michael Mcleod.
0:51 of 3rd period - Stopped by Connor Hellebuyck without a rebound.
0:52 of 3rd period - Robert Thomas wins face-off versus Owen Tippett in St.Louis Blues zone.
1:00 of 3rd period - Icing by Dylan DeMelo.
1:01 of 3rd period - Michael Mcleod wins face-off versus Robert Thomas in Washington Capitals zone.
1:12 of 3rd period - Colton Parayko is hit by Jordan Kyrou and loses puck.
1:29 of 3rd period - Snap shot by Owen Tippett.
1:29 of 3rd period - Stopped by Connor Hellebuyck with a rebound.
1:51 of 3rd period - Snap shot by Jordan Kyrou.
1:51 of 3rd period - Deflect By Robert Thomas.
1:51 of 3rd period - Shot Blocked by Tage Thompson.
1:51 of 3rd period - Puck is out of play.
1:52 of 3rd period - Brayden Point wins face-off versus Jack Eichel in St.Louis Blues zone.
2:05 of 3rd period - Snap shot by Brayden Point.
2:05 of 3rd period - Stopped by Connor Hellebuyck with a rebound.
2:48 of 3rd period - Snap shot by Nick Foligno.
2:48 of 3rd period - Stopped by Connor Hellebuyck without a rebound.
2:49 of 3rd period - Nico Sturm wins face-off versus Isac Lundestrom in St.Louis Blues zone.
3:16 of 3rd period - Alex Ovechkin is hit by Andrew Copp and loses puck.
3:27 of 3rd period - John Carlson is hit by Colton Parayko and loses puck.
3:45 of 3rd period - Jason Robertson is hit by Lawson Crouse and loses puck.
4:11 of 3rd period - Snap shot by Lawson Crouse.
4:11 of 3rd period - Stopped by Jake Oettinger with a rebound.
4:13 of 3rd period - Wrist shot by Lawson Crouse.
4:13 of 3rd period - Stopped by Jake Oettinger without a rebound.
4:14 of 3rd period - Robert Thomas wins face-off versus Nico Hischier in Washington Capitals zone.
4:25 of 3rd period - Ian Cole is hit by Mikhail Sergachev and loses puck.
4:40 of 3rd period - Mark Stone is hit by Jordan Kyrou and loses puck.
4:47 of 3rd period - Ian Cole is hit by Mark Stone and loses puck.
5:00 of 3rd period - Wrist shot by Yanni Gourde.
5:00 of 3rd period - Stopped by Jake Oettinger with a rebound.
5:02 of 3rd period - Snap shot by Nick Leddy.
5:02 of 3rd period - Shot Blocked by Nick Jensen.
5:04 of 3rd period - Slapshot by Nick Leddy.
5:04 of 3rd period - Stopped by Jake Oettinger with a rebound.
5:06 of 3rd period - Backhand shot by Alex Pietrangelo.
5:06 of 3rd period - Goal by Alex Pietrangelo - Washington Capitals : 2 - St.Louis Blues : 3.
5:07 of 3rd period - Robert Thomas wins face-off versus Brayden Point in neutral zone.
5:12 of 3rd period - Snap shot by Elias Pettersson.
5:12 of 3rd period - Stopped by Jake Oettinger with a rebound.
5:14 of 3rd period - Slapshot by Mikhail Sergachev.
5:14 of 3rd period - Shot Blocked by David Savard.
5:16 of 3rd period - Slapshot by Mikhail Sergachev.
5:16 of 3rd period - Shot Blocked by John Carlson.
5:18 of 3rd period - Slapshot by Mikhail Sergachev.
5:18 of 3rd period - Stopped by Jake Oettinger with a rebound.
5:20 of 3rd period - Snap shot by Mikhail Sergachev.
5:20 of 3rd period - Shot Blocked by Brayden Point.
5:22 of 3rd period - Wrist shot by Tage Thompson.
5:22 of 3rd period - Goal by Tage Thompson - Washington Capitals : 2 - St.Louis Blues : 4.
5:23 of 3rd period - Jack Eichel wins face-off versus Nico Hischier in neutral zone.
5:30 of 3rd period - Slapshot by Nico Hischier.
5:30 of 3rd period - Stopped by Connor Hellebuyck without a rebound.
5:31 of 3rd period - Nico Hischier wins face-off versus Jack Eichel in St.Louis Blues zone.
5:44 of 3rd period - Wrist shot by Nico Hischier.
5:44 of 3rd period - Shot Misses the Net.
5:46 of 3rd period - Snap shot by Drake Batherson.
5:46 of 3rd period - Shot Misses the Net.
6:30 of 3rd period - Snap shot by Nico Hischier.
6:30 of 3rd period - Stopped by Connor Hellebuyck with a rebound.
6:32 of 3rd period - Slapshot by Nico Hischier.
6:32 of 3rd period - Stopped by Connor Hellebuyck without a rebound.
6:33 of 3rd period - Brayden Point wins face-off versus Robert Thomas in St.Louis Blues zone.
6:34 of 3rd period - Snap shot by Jason Robertson.
6:34 of 3rd period - Stopped by Connor Hellebuyck without a rebound.
6:35 of 3rd period - Robert Thomas wins face-off versus Brayden Point in St.Louis Blues zone.
6:51 of 3rd period - Minor Penalty to Alex Ovechkin for Hooking.
6:52 of 3rd period - Robert Thomas wins face-off versus Michael Mcleod in Washington Capitals zone.
6:52 of 3rd period - Snap shot by Elias Pettersson.
6:52 of 3rd period - Stopped by Jake Oettinger with a rebound.
6:54 of 3rd period - Slapshot by Mikhail Sergachev.
6:54 of 3rd period - Goal by Mikhail Sergachev - Washington Capitals : 2 - St.Louis Blues : 5.
6:55 of 3rd period - Robert Thomas wins face-off versus Brayden Point in neutral zone.
7:21 of 3rd period - Mikhail Sergachev is hit by Jordan Kyrou.
7:31 of 3rd period - Wrist shot by Owen Tippett.
7:31 of 3rd period - Stopped by Connor Hellebuyck with a rebound.
7:33 of 3rd period - Slapshot by Erik Johnson.
7:33 of 3rd period - Shot Misses the Net.
8:47 of 3rd period - Jake Guentzel is hit by Jordan Kyrou and loses puck.
9:29 of 3rd period - Slapshot by Alex Pietrangelo.
9:29 of 3rd period - Deflect By Elias Pettersson.
9:29 of 3rd period - Shot Misses the Net.
9:29 of 3rd period - Puck is out of play.
9:30 of 3rd period - Robert Thomas wins face-off versus Isac Lundestrom in Washington Capitals zone.
9:48 of 3rd period - Minor Penalty to David Savard for Hooking.
9:49 of 3rd period - Robert Thomas wins face-off versus Michael Mcleod in Washington Capitals zone.
10:25 of 3rd period - Snap shot by Mark Stone.
10:25 of 3rd period - Shot Misses the Net.
10:43 of 3rd period - Icing by Alex Tuch.
10:44 of 3rd period - Nico Hischier wins face-off versus Jack Eichel in St.Louis Blues zone.
11:05 of 3rd period - Icing by Alex Tuch.
11:06 of 3rd period - Michael Mcleod wins face-off versus Mark Stone in St.Louis Blues zone.
11:20 of 3rd period - Off-side.
11:21 of 3rd period - Michael Mcleod wins face-off versus Jake Guentzel in neutral zone.
11:48 of 3rd period - Penalty to David Savard is over, David Savard is back on ice.
12:04 of 3rd period - Snap shot by Jake Guentzel.
12:04 of 3rd period - Shot Misses the Net.
12:36 of 3rd period - Wrist shot by Nick Foligno.
12:36 of 3rd period - Stopped by Connor Hellebuyck with a rebound.
12:54 of 3rd period - Snap shot by Elias Pettersson.
12:54 of 3rd period - Stopped by Jake Oettinger with a rebound.
13:08 of 3rd period - Snap shot by Robert Thomas.
13:08 of 3rd period - Stopped by Jake Oettinger without a rebound.
13:09 of 3rd period - Brayden Point wins face-off versus Yanni Gourde in Washington Capitals zone.
13:09 of 3rd period - Brayden Point is hit by Yanni Gourde.
13:23 of 3rd period - Dylan DeMelo is hit by Yanni Gourde and loses puck.
13:36 of 3rd period - Andrew Copp is hit by Drake Batherson and loses puck.
13:41 of 3rd period - Slapshot by Brad Marchand.
13:41 of 3rd period - Goal by Brad Marchand - Washington Capitals : 3 - St.Louis Blues : 5.
13:42 of 3rd period - Brayden Point wins face-off versus Yanni Gourde in neutral zone.
13:45 of 3rd period - Colton Parayko is hit by Brayden Point and loses puck.
14:57 of 3rd period - Slapshot by Mikhail Sergachev.
14:57 of 3rd period - Shot Blocked by Jason Robertson.
15:01 of 3rd period - Snap shot by Mark Stone.
15:01 of 3rd period - Shot Misses the Net.
15:03 of 3rd period - Snap shot by Jack Eichel.
15:03 of 3rd period - Stopped by Jake Oettinger without a rebound.
15:04 of 3rd period - Yanni Gourde wins face-off versus Michael Mcleod in Washington Capitals zone.
15:09 of 3rd period - Slapshot by Alex Tuch.
15:09 of 3rd period - Shot Hit the Post.
15:11 of 3rd period - Snap shot by Alex Tuch.
15:11 of 3rd period - Stopped by Jake Oettinger with a rebound.
15:13 of 3rd period - Slapshot by Jake Sanderson.
15:13 of 3rd period - Stopped by Jake Oettinger with a rebound.
15:15 of 3rd period - Backhand shot by Jake Sanderson.
15:15 of 3rd period - Deflect By Michael Mcleod.
15:15 of 3rd period - Stopped by Jake Oettinger with a rebound.
15:17 of 3rd period - Slapshot by Mikhail Sergachev.
15:17 of 3rd period - Stopped by Jake Oettinger without a rebound.
15:18 of 3rd period - Brayden Point wins face-off versus Yanni Gourde in Washington Capitals zone.
15:20 of 3rd period - Minor Penalty to Ian Cole for Hooking.
15:21 of 3rd period - Robert Thomas wins face-off versus Michael Mcleod in Washington Capitals zone.
15:47 of 3rd period - Nick Jensen is hit by Mikhail Sergachev and loses puck.
16:12 of 3rd period - Wrist shot by Michael Mcleod.
16:12 of 3rd period - Stopped by Connor Hellebuyck with a rebound.
17:20 of 3rd period - Penalty to Ian Cole is over, Ian Cole is back on ice.
17:34 of 3rd period - Wrist shot by Jason Robertson.
17:34 of 3rd period - Shot Misses the Net.
Goals for this period are 1 for Washington Capitals vs 3 for St.Louis Blues.
Shots for this period are 12 for Washington Capitals vs 17 for St.Louis Blues.
Back to the Top